 Dungeon Crawl Stone Soup version 0.23-a0-143-g1adec7b (webtiles) character file.

1112 Amnesiac the Bolt Thrower (level 8, -12/62 HPs)
             Began as a Mummy Arcane Marksman on Sept 2, 2018.
             Killed by divine providence
             ... invoked by an orc priest
              (14 damage)
             ... on level 6 of the Dungeon.
             The game lasted 00:06:39 (4432 turns).

Amnesiac the Bolt Thrower (Mummy Arcane Marksman)   Turns: 4432, Time: 00:06:40

Health: -12/62     AC:  9    Str: 15    XL:     8   Next: 11%
Magic:  10/10      EV: 11    Int: 12    God:
Gold:   35         SH:  0    Dex: 13    Spells: 8/9 levels left

rFire    x . .     SeeInvis .   b - +5 dire flail (venom)
rCold    + . .     Gourm    .   (shield currently unavailable)
rNeg     + + +     Faith    .   k - +0 ring mail {MR+}
rPois    ∞         Spirit   .   (no helmet)
rElec    .         Reflect  .   h - +0 cloak
rCorr    .         Harm     .   o - +2 pair of gloves
MR       ++...                  (no boots)
Stlth    +.........             (no amulet)
HPRegen  0.20/turn              (no ring)
MPRegen  0.12/turn              (no ring)

@: about to teleport
A: no food or potions, fire vulnerability, cold resistance 1, negative energy
resistance 3, torment resistance, unbreathing
a: no special abilities


You were on level 6 of the Dungeon.
You were not hungry.

You visited 1 branch of the dungeon, and saw 6 of its levels.

You collected 265 gold pieces.
You spent 230 gold pieces at shops.

Inventory:

Hand Weapons
 a - a +1 hand crossbow
 b - a +5 dire flail of venom (weapon)
Missiles
 d - 56 bolts
Armour
 h - a +0 cloak (worn)
 k - a +0 ring mail of magic resistance (worn)
 o - a +2 pair of gloves (worn)
 p - a +0 chain mail
Wands
 j - a wand of iceblast (6)
 l - a wand of random effects (18)
Scrolls
 c - a scroll of teleportation {!r}
 e - 3 scrolls of remove curse {!r}
 f - a scroll of immolation {!r}
 g - a scroll of enchant weapon {!r}
 i - a scroll of fog {!r}
 m - a scroll of blinking {!r}
 n - a scroll of enchant armour {!r}


   Skills:
 + Level 5.3 Fighting
 * Level 6.5 Crossbows
 - Level 1.6 Armour
 - Level 1.6 Dodging
 - Level 1.3 Spellcasting
 - Level 2.6 Hexes


You had 8 spell levels left.
You knew the following spells:

 Your Spells              Type           Power        Failure   Level  Hunger
a - Corona                Hex            #......      19%         1    N/A

Your spell library contained the following spells:

 Spells                   Type           Power        Failure   Level  Hunger
 Slow                     Hex            #.......     28%         2    N/A
 Inner Flame              Hex/Fire       #.......     67%         3    N/A
 Portal Projectile        Hex/Tloc       #.....       67%         3    N/A
 Cause Fear               Hex            #.........   88%         4    N/A
 Leda's Liquefaction      Hex/Erth       #.........   97%         4    N/A

Dungeon Overview and Level Annotations

Branches:
Dungeon (6/15)
 Temple: D:4-7

Altars:
Ashenzari
Elyvilon
Fedhas
Xom

Shops:
D:5 ?

Annotations:
D:2 Sigmund


Innate Abilities, Weirdness & Mutations

You do not eat or drink.
Your flesh is vulnerable to fire.
You are immune to poison.
Your flesh is cold resistant. (rC+)
You are immune to negative energy. (rN+++)
You are immune to unholy pain and torment.
You can survive without breathing.


Message History

You start removing your armour.
You continue taking off your +0 chain mail. x4
You finish taking off your +0 chain mail.
You start putting on your armour.
You continue putting on your +0 ring mail of magic resistance. x5
You finish putting on your +0 ring mail of magic resistance.
You feel resistant to hostile enchantments.
You climb downwards. 2 orc priests and an orc wizard come into view.
The orc wizard shouts!
The orc priest shouts! x2; You hear a shout! x2
There is a stone staircase leading up here.
You hit the orc priest but do no damage.
The orc priest is poisoned.
The orc priest barely misses you. The orc priest closely misses you.
You completely miss the orc wizard.
The orc wizard hits you but does no damage.
The orc priest hits you from afar with a trident.
You closely miss the orc wizard. The orc wizard hits you with a dagger.
An orc warrior comes into view. It is wielding a trident.
The orc priest calls down the wrath of Beogh upon you.
Beogh smites you!
The orc wizard hits you but does no damage.
You thump the orc wizard!
The orc wizard is poisoned.
The orc wizard is almost dead.
The orc priest hits you but does no damage.
The orc wizard hits you but does no damage.
You closely miss the orc wizard.
The orc wizard is almost dead.
The orc priest barely misses you.
The orc wizard hits you but does no damage.
An orc wizard comes into view. It is wielding a dagger.
The orc warrior closely misses you. The orc priest barely misses you.
The orc wizard casts a spell.
The orc wizard seems to speed up.
The orc priest casts a cantrip, but nothing happens.
You feel a bit more experienced.
You hit the orc warrior.
The orc warrior is poisoned.
The orc warrior is moderately wounded.
The orc warrior hits you with a trident.
The orc priest hits you but does no damage.
You barely miss the orc warrior.
The orc warrior is moderately wounded.
The orc warrior hits you but does no damage.
The orc priest casts a cantrip, but nothing happens.
You completely miss the orc warrior.
The orc warrior is moderately wounded.
The orc priest closely misses you. The orc warrior closely misses you.
You closely miss the orc warrior.
The orc warrior is moderately wounded.
The orc warrior hits you with a trident.
The orc priest calls down the wrath of Beogh upon you.
Beogh smites you!
* * * LOW HITPOINT WARNING * * *
Really read
c - 2 scrolls of teleportation {!r}?
As you read the scroll of teleportation {!r}, it crumbles to dust.
You feel strangely unstable.
The orc priest hits you but does no damage.
The orc warrior hits you from afar with a trident!
* * * LOW HITPOINT WARNING * * *
The orc priest hits you with a trident.
* * * LOW HITPOINT WARNING * * *
The orc priest mumbles some strange prayers to Beogh against you.
Beogh smites you!
You die...

## .# .#
.#
####.###
#.oo...#
#@##o#.#
#.# .#
#oo#.#
#.#.##
#.#.#
... .
.## #. .
.# #. .


You could see an orc warrior, 2 orc priests and an orc wizard.

Vanquished Creatures
  Prince Ribbit (D:5)
  Edmund (D:5)
  2 ogres
  A bullfrog (D:4)
  A scorpion (D:5)
  A crimson imp (D:5)
  2 hounds
  3 jellies (D:5)
  3 orc wizards
  Ijyb (D:5)
  5 worker ants
  A howler monkey zombie (D:5)
  3 adders
  An ooze (D:3)
  An adder zombie (D:5)
  3 adder skeletons
  4 leopard geckos
  7 orcs
  A ball python (D:3)
  5 bats
  2 giant cockroaches
  3 goblins
  4 hobgoblins
  3 jackals (D:4)
  2 quokkas
  4 frilled lizards
  A kobold (D:1)
  4 rats
70 creatures vanquished.

Vanquished Creatures (others)
  An ogre (D:5)
  A howler monkey (D:5)
  A worker ant (D:5)
  A gnoll (D:5)
  A leopard gecko (D:5)
  2 quokkas (D:5)
7 creatures vanquished.

Grand Total: 77 creatures vanquished

Notes
Turn   | Place    | Note
-------+----------+-------------------------------------------
     0 | D:1      | Amnesiac the Mummy Arcane Marksman began the quest for the
                  | Orb.
     0 | D:1      | Reached XP level 1. HP: 15/15 MP: 2/2
   318 | D:1      | Reached skill level 2 in Crossbows
   322 | D:1      | Reached XP level 2. HP: 21/21 MP: 4/4
  1014 | D:2      | Found a shattered altar of Ashenzari.
  1047 | D:2      | Reached XP level 3. HP: 27/27 MP: 5/5
  1187 | D:2      | Noticed Sigmund
  1433 | D:3      | Reached skill level 1 in Armour
  1659 | D:4      | Reached skill level 3 in Crossbows
  1659 | D:4      | Reached XP level 4. HP: 21/33 MP: 6/6
  1806 | D:4      | Noticed an ogre
  1819 | D:4      | Killed an ogre
  1819 | D:4      | Reached XP level 5. HP: 19/39 MP: 7/7
  2034 | D:4      | Reached skill level 4 in Crossbows
  2034 | D:4      | Reached XP level 6. HP: 35/47 MP: 8/8
  2435 | D:4      | Found a blossoming altar of Fedhas.
  2526 | D:5      | Entered Level 5 of the Dungeon
  2541 | D:5      | Found a shimmering altar of Xom.
  2589 | D:5      | Noticed Ijyb
  2606 | D:5      | Killed Ijyb
  2643 | D:5      | Found a white marble altar of Elyvilon.
  2898 | D:5      | Noticed Prince Ribbit
  3033 | D:5      | Reached skill level 5 in Crossbows
  3033 | D:5      | Reached XP level 7. HP: 37/54 MP: 9/9
  3130 | D:5      | Noticed Edmund
  3198 | D:5      | Killed Edmund
  3471 | D:5      | Killed Prince Ribbit
  3476 | D:5      | Reached skill level 6 in Crossbows
  3583 | D:5      | Reached skill level 5 in Fighting
  3880 | D:5      | Reached XP level 8. HP: 51/62 MP: 10/10
  3979 | D:5      | Found Puilugapp's Magic Scroll Boutique.
  3986 | D:5      | Bought a scroll of teleportation for 33 gold pieces
  3986 | D:5      | Bought a scroll of teleportation for 33 gold pieces
  3986 | D:5      | Bought a scroll of blinking for 82 gold pieces
  3986 | D:5      | Bought a scroll of enchant armour for 82 gold pieces
  4432 | D:6      | HP: 2/62 [orc priest/trident (5)]
  4432 | D:6      | Killed from afar by an orc priest

Vault maps used:
D:1:      dpeg_arrival_chase, hangedman_decor_riveting, st_stairs_14
D:2:      minmay_wonky_spiral, ashenzari_altar_1, grunt_ministairs_13,
          uniq_jessica, uniq_sigmund, uniq_crazy_yiuf_cottage
D:4:      fedhas_altar_fruit_tree, kennysheep_decorative_pillar
D:5:      nicolae_overflow_hidden_temple, serial_shops, kennysheep_little_box,
          first_ration, xom_confusion_cloud, uniq_edmund, uniq_prince_ribbit1,
          uniq_ijyb
D:6:      kennysheep_mini_moat

Skill      XL: |  1  2  3  4  5  6  7 |
---------------+----------------------+-----
Crossbows      | 2 3 4 5 6 |  6.5
Fighting       | 2 3 4 5 |  5.3
Armour         | 1 |  1.6
Dodging        | |  1.6
Spellcasting   | |  1.3
Hexes          | |  2.6

Action                   |  1- 3 |  4- 6 |  7- 9 || total
-------------------------+-------+-------+-------++-------
Melee: Spear             |   193 |       |       ||   193
       Flail             |    21 |    14 |       ||    35
       Quarterstaff      |       |    47 |       ||    47
       Dire flail        |       |       |    50 ||    50
 Fire: Hand crossbow     |     2 |    60 |    21 ||    83
  Use: Scroll            |     4 |       |     2 ||     6
Armor: Chain mail        |   150 |    12 |       ||   162
       Robe              |     2 |       |       ||     2
       Ring mail         |       |    26 |    25 ||    51
Dodge: Dodged            |    79 |    55 |    43 ||   177

Table legend:
 A = Non-vault XP
 B = Vault XP
 C = Vault XP percentage of total XP
 D = Non-vault monster count
 E = Vault monster count
 F = Vault count percentage of total count
                 A         B        C        D         E       F
            +---------+---------+-------+---------+---------+-------
      Total |     959 |     630 |  39.6 |      58 |      12 |  17.1
            +---------+---------+-------+---------+---------+-------
        D:1 |      17 |       2 |  10.5 |       9 |       1 |  10.0
        D:2 |      24 |       6 |  20.0 |       7 |       2 |  22.2
        D:3 |      41 |       0 |   0.0 |      13 |       0 |   0.0
        D:4 |     385 |       0 |   0.0 |      12 |       0 |   0.0
        D:5 |     452 |     622 |  57.9 |      16 |       9 |  36.0
        D:6 |      40 |       0 |   0.0 |       1 |       0 |   0.0
            +---------+---------+-------+---------+---------+-------
